 Dungeon Crawl Stone Soup version 0.29.1-13-g9f3cf754e1 (webtiles) character file.

Game seed: 10812592043270077179

30 Hrothgar the Sneak (level 3, 0/29 HPs)
             Began as a Draconian Brigand on Feb 2, 2023.
             Slain by an orc
             ... wielding a +2 mace of protection
              (4 damage)
             ... on level 2 of the Dungeon.
             The game lasted 00:05:51 (1220 turns).

Hrothgar the Sneak (Draconian Brigand)              Turns: 1220, Time: 00:06:06

Health: 0/29       AC:  6    Str: 19    XL:     3   Next: 3%
Magic:  2/3        EV: 12    Int: 19    God:
Gold:   34         SH:  0    Dex: 18    Spells: 1/3 levels left

rFire   . . .      SeeInvis +   a - +2 dagger
rCold   . . .      Faith    .   (no shield)
rNeg    . . .      Spirit   .   (body armour unavailable)
rPois   .          Reflect  .   (helmet restricted)
rElec   .          Harm     .   b - +0 cloak
rCorr   .          Rampage  .   (no gloves)
Will    .....                   (no boots)
Stlth   +++.......              (no amulet)
HPRegen 0.09/turn               e - ring of Tidyefoa {*Corrode Int+6 Dex+6 SInv}
MPRegen 0.08/turn               f - +6 ring of strength

@: no status effects
A: AC +5, unfitting armour, cold-blooded
a: no special abilities


You were on level 2 of the Dungeon.
You visited 1 branch of the dungeon, and saw 3 of its levels.

You collected 34 gold pieces.

Inventory:

Hand Weapons
 a - a +2 dagger (weapon)
Missiles
 c - 7 poisoned darts (quivered)
 d - 3 curare-tipped darts
Armour
 b - a +0 cloak (worn)
Jewellery
 e - the ring of Tidyefoa (left hand) {*Corrode Int+6 Dex+6 SInv}
   (You found it on level 2 of the Dungeon)

   [ring of dexterity]

   Int:       It affects your intelligence (+6).
   Dex:       It affects your dexterity (+6).
   SInv:      It lets you see invisible.
   *Corrode:  It may corrode you when you take damage.
 f - a +6 ring of strength (right hand)
Wands
 g - a wand of flame (29)
Scrolls
 j - a scroll of teleportation {unknown}


   Skills:
 * Level 2.2 Fighting
 * Level 2.1 Short Blades
 * Level 2.1 Throwing
 * Level 1.1 Dodging
 * Level 4.1 Stealth
 * Level 0.6 Spellcasting
 * Level 0.1 Evocations


You had one spell level left.
You knew the following spells:

 Your Spells              Type           Power      Damage    Failure   Level
a - Ensorcelled Hibernat  Hex/Ice        0%         N/A       30%         2

Your spell library contained the following spells:

 Spells                   Type           Power      Damage    Failure   Level
 Passwall                 Tmut/Erth      0%         N/A       30%         2
 Swiftness                Air            0%         N/A       52%         3


Dungeon Overview and Level Annotations

Branches:
Dungeon (3/15)

Altars:

Shops:
D:1 ?   D:2 :


Innate Abilities, Weirdness & Mutations

Your plain brown scales are hard. (AC +5)
You cannot fit into any form of body armour.
You are cold-blooded and may be slowed by cold attacks.


Message History

The puff of flame hits the orc.
The orc resists.
The orc is lightly wounded.
The orc closely misses you.
You hit the orc but do no damage. You tail-slap the orc.
The orc is heavily wounded.
You hit the orc but do no damage.
The orc is heavily wounded.
The orc hits you but does no damage.
Unknown command.
Aiming: Throw Flame
Press: ? - help, Shift-Dir - straight line, f/p - orc
Aim: an orc, wielding a +2 mace of protection and wearing a +0 leather armour of fire resistance (heavily wounded, 68% to hit)
The puff of flame hits the orc.
The orc resists.
The orc is severely wounded.
The orc hits you with a +2 mace of protection.
You closely miss the orc.
The orc is severely wounded.
The orc closely misses you.
You hit the orc but do no damage.
The orc is heavily wounded.
The orc hits you with a +2 mace of protection.
Aiming: Throw Flame
Press: ? - help, Shift-Dir - straight line, f/p - orc
Aim: an orc, wielding a +2 mace of protection and wearing a +0 leather armour of fire resistance (heavily wounded, 68% to hit)
The puff of flame hits the orc but does no damage.
The orc is heavily wounded.
The orc hits you with a +2 mace of protection.
* * * LOW HITPOINT WARNING * * *
Aiming: Throw Flame
Press: ? - help, Shift-Dir - straight line, f/p - orc
Aim: an orc, wielding a +2 mace of protection and wearing a +0 leather armour of fire resistance (heavily wounded, 68% to hit)
The puff of flame misses the orc.
The orc hits you but does no damage.
Unknown command.
Aiming: Throw Flame
Press: ? - help, Shift-Dir - straight line, f/p - orc
Aim: an orc, wielding a +2 mace of protection and wearing a +0 leather armour of fire resistance (heavily wounded, 68% to hit)
The puff of flame hits the orc but does no damage.
The orc is heavily wounded.
The orc hits you with a +2 mace of protection.
You die...

###.............#.#.#.#.#
#.#######...#.......#.#
#...............#.###.#
##.........######.###.# #####
#....>...............# ....#
#.........######.##### ....#
#.........#..........# ....#
#####....o.......###.#...# ...##
#...'....@.......# #.#...# ...#
###'###............###.#...#
...###....##.........#......#.[.#
...'.'....##.........########...#
...###....+......###.#...........
.....#....######## #.#...####...#
...⌠.#....##########.#...####...#
.∩†.......'..........#......#....
...⌠......############....#.#.#..


You could see an orc.

Vanquished Creatures
  A worm (D:2)
  2 dart slugs
  2 endoplasms
  3 goblins (D:2)
  A hobgoblin (D:1)
  3 jackals (D:2)
  A ball python (D:2)
  3 bats
  5 kobolds
  A rat (D:2)
22 creatures vanquished.

Notes
Turn   | Place    | Note
-------+----------+-------------------------------------------
     0 | D:1      | Hrothgar the Draconian Brigand began the quest for the Orb.
     0 | D:1      | Reached XP level 1. HP: 17/17 MP: 1/1
   168 | D:1      | Found Nostre's Magic Scroll Shoppe.
   229 | D:1      | Reached skill level 1 in Dodging
   268 | D:1      | Reached skill level 4 in Stealth
   268 | D:1      | Reached XP level 2. HP: 17/24 MP: 2/2
   356 | D:2      | Identified the ring of Tidyefoa {*Corrode Int+6 Dex+6 SInv}
   957 | D:2      | Found Taimurefyu's Vocational Training.
  1135 | D:2      | Reached XP level 3. HP: 25/29 MP: 3/3
  1138 | D:2      | Learned a level 2 spell: Ensorcelled Hibernation
  1220 | D:2      | Slain by an orc

Illustrated notes

Levels and vault maps discovered:
D:1:      onia_arrival_mini_spirals, layout_loops_cross, serial_shops,
          nicolae_lakefront_shop, minmay_box_of_dots
D:2:      minmay_thinvault, layout_basic, nicolae_shop_vocational
D:3:      layout_basic, chequers_ecumenical_altar_simple_redux

Skill      XL: |  1  2 |
---------------+-------+-----
Dodging        | 1 |  1.1
Stealth        | 4 |  4.1
Throwing       | 2 |  2.1
Fighting       | |  2.2
Short Blades   | |  2.1
Spellcasting   | |  0.6
Evocations     | |  0.1

Action                   || total
-------------------------++-------
Melee: Dagger            ||    57
       Tailslap          ||    13
Throw: Dart              ||    15
Evoke: Wand              ||    12
  Use: Scroll            ||     2
 Stab: Sleeping          ||     4
Armor: Skin              ||    17
Dodge: Dodged            ||    32
